 Dungeon Crawl Stone Soup version 0.20.0-15-g7f486f2 (webtiles) character file.

1207 manyhoops the Quickloader (level 8, 0/67 HPs)
             Began as a Centaur Hunter on June 22, 2017.
             Was an Initiate of Okawaru.
             Slain by a killer bee (6 damage)
             ... on level 6 of the Dungeon.
             The game lasted 00:10:16 (5083 turns).

manyhoops the Quickloader (Centaur Hunter)          Turns: 5083, Time: 00:10:16

Health: 0/67       AC:  5    Str: 15    XL:     8   Next: 21%
Magic:  8/8        EV:  8    Int: 10    God:    Okawaru [......]
Gold:   267        SH:  0    Dex: 12    Spells: 7/7 levels left

rFire    . . .     SeeInvis .   A - +0 arbalest
rCold    . . .     Gourm    .   (shield currently unavailable)
rNeg     . . .     Faith    .   x - +0 ring mail
rPois    .         Spirit   .   (no helmet)
rElec    .         Reflect  .   (no cloak)
rCorr    .         Harm     .   (no gloves)
MR       .....                  (no barding)
Stlth    ..........             (no amulet)
Regen    0.3/turn               (no ring)
MPRegen  0.2/turn               (no ring)

@: lethally poisoned (0 -> -34), very quick
A: hooves 3, deformed body, speed 2, tough skin 3
a: Renounce Religion


You were on level 6 of the Dungeon.
You worshipped Okawaru.
Okawaru was noncommittal.
You were not hungry.

You visited 2 branches of the dungeon, and saw 7 of its levels.

You collected 267 gold pieces.

Inventory:

Hand Weapons
 a - a +1 hand crossbow
 b - a +0 short sword
 q - a +1 falchion of holy wrath
 A - a +0 arbalest (weapon)
 C - a cursed +0 shortbow
Missiles
 d - 45 bolts (quivered)
 u - 10 javelins
 D - 54 arrows
Armour
 c - a +0 leather armour
 s - a +0 buckler
 x - a +0 ring mail (worn)
Jewellery
 y - a cursed -3 ring of intelligence {unknown}
Scrolls
 j - a scroll of fear
 k - a scroll of immolation
 m - a scroll of teleportation {unknown}
 o - a scroll of amnesia {unknown}
 r - a scroll of remove curse
 t - a scroll of enchant armour
 w - a scroll of noise
 z - a scroll of fog
 B - a scroll of enchant weapon {unknown}
 G - a scroll of magic mapping {unknown}
Potions
 e - a potion of ambrosia
 g - 3 potions of curing
 h - a potion of heal wounds
 i - a potion of mutation {unknown}
 n - 2 potions of brilliance
 p - a potion of degeneration {unknown}
 v - a potion of flight {unknown}
Comestibles
 f - 4 bread rations
 l - 3 meat rations
 E - 4 fruits


   Skills:
 + Level 4.6 Fighting
 + Level 10.5 Crossbows
 - Level 0.2 Armour
 - Level 1.4 Dodging
 - Level 0.4 Stealth


You had 7 spell levels left.
You didn't know any spells.

Dungeon Overview and Level Annotations

Branches:
Dungeon (6/15)             Temple (1/1) D:4

Altars:
Cheibriados
Dithmenos
Elyvilon
Gozag
Hepliaklqana
Kikubaaqudgha
Makhleb
Nemelex Xobeh
Okawaru
Qazlal
Ru
Sif Muna
Trog
Uskayaw
Xom
Yredelemnul
Zin
The Shining One

Shops:
D:5 *


Innate Abilities, Weirdness & Mutations

You have hooves in place of feet.
Armour fits poorly on your strangely shaped body.
You cover ground very quickly.
You have extremely tough skin. (AC +3)


Message History

You are too injured to fight recklessly!
Unknown command.
You are too injured to fight recklessly!
Unknown command.
You are too injured to fight recklessly!
Unknown command.
You are too injured to fight recklessly!
Firing (i - inventory. (,) - cycle):
d - 46 bolts (quivered)
Press: ? - help, Shift-Dir - straight line, f - killer bee
Aim: a killer bee You shoot a bolt.
The bolt closely misses the killer bee.
* * * LOW HITPOINT WARNING * * *
You feel very sick. The killer bee stings you!
* * * LOW HITPOINT WARNING * * *
You are more poisoned.
The killer bee poisons you! The killer bee stings you.
* * * LOW HITPOINT WARNING * * *
The killer bee stings you.
You die...

....._. .. ..... #.
#... #.####..###+####
#......(........
#...............
#.......######.#
#...y...# #.####
###@##..#
#...#..####y##..#
#...#.........y.#
+...+...........#
#...#....#......#
#.......###)....#
#..............##
######.....#.).)(#..#
..........##.._..##.#


You could see 2 killer bees.

Vanquished Creatures
  An ice beast (D:5)
  2 phantoms
  An ogre (D:4)
  A necrophage (D:5)
  A centaur (D:5)
  2 scorpions
  3 killer bees (D:6)
  A hound (D:5)
  2 orc priests (D:4)
  A gnoll shaman (D:5)
  An orc wizard (D:4)
  2 iguanas
  3 worker ants
  3 gnolls (D:5)
  8 adders
  An adder zombie (D:5)
  An adder skeleton (D:4)
  2 dart slugs
  3 leopard geckos
  7 orcs
  6 bats
  7 giant cockroaches
  4 goblins
  7 hobgoblins
  4 jackals (D:1)
  5 kobolds
  5 quokkas
  A frilled lizard (D:5)
  5 rats
90 creatures vanquished.

Vanquished Creatures (others)
  An orc (D:5)
1 creature vanquished.

Grand Total: 91 creatures vanquished

Notes
Turn   | Place    | Note
-------+----------+-------------------------------------------
     0 | D:1      | manyhoops the Centaur Hunter began the quest for the Orb.
     0 | D:1      | Reached XP level 1. HP: 17/17 MP: 1/1
   200 | D:1      | Reached XP level 2. HP: 22/24 MP: 2/2
   201 | D:1      | Reached skill level 5 in Crossbows
   837 | D:2      | Reached XP level 3. HP: 29/29 MP: 3/3
   912 | D:2      | Found a sacrificial altar of Ru.
  1374 | D:2      | Found a sacrificial altar of Ru.
  1562 | D:3      | Found a hazy altar of Hepliaklqana.
  1577 | D:3      | Reached skill level 6 in Crossbows
  1591 | D:3      | Reached XP level 4. HP: 26/36 MP: 4/4
  2235 | D:3      | Found a glowing golden altar of the Shining One.
  2388 | D:4      | Noticed a phantom
  2851 | D:4      | Reached XP level 5. HP: 35/41 MP: 5/5
  3091 | D:4      | Reached skill level 7 in Crossbows
  3201 | D:4      | Killed a phantom
  3201 | D:4      | Reached XP level 6. HP: 37/50 MP: 6/6
  3257 | D:4      | Found a staircase to the Ecumenical Temple.
  3307 | D:4      | Reached skill level 8 in Crossbows
  3320 | Temple   | Entered the Ecumenical Temple
  3943 | D:4      | Found a bloodstained altar of Trog.
  3997 | D:4      | Found a shadowy altar of Dithmenos.
  4165 | D:4      | Found a snail-covered altar of Cheibriados.
  4211 | D:5      | Entered Level 5 of the Dungeon
  4224 | D:5      | Reached XP level 7. HP: 50/57 MP: 7/7
  4261 | D:5      | Reached skill level 9 in Crossbows
  4439 | D:5      | Found Ashuuzed's General Store.
  4899 | D:5      | Reached skill level 10 in Crossbows
  5022 | D:6      | Reached XP level 8. HP: 56/67 MP: 8/8
  5027 | D:6      | Found an iron altar of Okawaru.
  5051 | D:6      | Became a worshipper of Warmaster Okawaru
  5064 | D:6      | Found a hazy altar of Hepliaklqana.
  5083 | D:6      | Slain by a killer bee

Skill      XL: |  1  2  3  4  5  6  7 |
---------------+----------------------+-----
Crossbows      | 5 6 7 8 10 | 10.5
Fighting       | 3 4 |  4.6
Armour         | |  0.2
Dodging        | |  1.4
Stealth        | |  0.4

Action                   |  1- 3 |  4- 6 |  7- 9 || total
-------------------------+-------+-------+-------++-------
Melee: Falchion          |    55 |    37 |       ||    92
       Kick              |    14 |     7 |       ||    21
 Fire: Hand crossbow     |    42 |   101 |    20 ||   163
       Arbalest          |       |       |    49 ||    49
  Use: Scroll            |     3 |     1 |     4 ||     8
       Potion            |     3 |     1 |     2 ||     6
  Eat: Chunk             |       |     5 |     3 ||     8
       Royal jelly       |       |     1 |       ||     1
Armor: Leather armour    |    29 |     4 |       ||    33
       Ring mail         |       |    16 |    15 ||    31
Dodge: Dodged            |    42 |    22 |    11 ||    75
       Rpst.: Falchion   |    13 |     4 |       ||    17
